 Dungeon Crawl Stone Soup version 0.31-a0-604-g8e0283293c (webtiles) character file.

Game seed: 8975088944193377112

21 gruber the Caller (level 2, -1/15 HPs)
             Began as a Tengu Summoner on Aug 21, 2023.
             Succumbed to an adder's poison
             ... on level 2 of the Dungeon.
             The game lasted 00:01:00 (1108 turns).

gruber the Caller (Tengu Summoner)                  Turns: 1108, Time: 00:01:00

Health: -1/15      AC:  2    Str:  8    XL:     2   Next: 87%
Magic:  5/6        EV: 12    Int: 15    God:
Gold:   29         SH:  0    Dex: 14    Spells: 4/5 levels left

rFire   . . .        g - +0 long sword
rCold   . . .        (no shield)
rNeg    . . .        a - +0 robe
rPois   .            (helmet restricted)
rElec   .            (no cloak)
rCorr   .            (no gloves)
SInv    .            (boots unavailable)
Will    .....        (no amulet)
Stlth   ++           (no ring)
HPRegen 0.22/turn    (no ring)
MPRegen 0.10/turn

%: no passive effects
@: lethally poisoned (-1 -> -8)
A: beak, talons 3
a: no special abilities


You were on level 2 of the Dungeon.
You visited 1 branch of the dungeon, and saw 2 of its levels.

You collected 29 gold pieces.

Inventory:

Hand Weapons
 g - a +0 long sword (weapon)
Armour
 a - a +0 robe (worn)
Scrolls
 e - a scroll of vulnerability {unknown}
 f - a scroll of amnesia {unknown}
Potions
 b - a potion of magic
 d - a potion of curing {unknown}


   Skills:
 - Level 2.1 Dodging
 - Level 2.0 Stealth
 - Level 2.0 Spellcasting
 + Level 5.8 Summonings


You had 4 spell levels left.
You knew the following spells:

 Your Spells              Type           Power      Damage    Failure   Level
a - Summon Small Mammal   Summ           76%        N/A       1%          1

Your spell library contained the following spells:

 Spells                   Type           Power      Damage    Failure   Level
 Call Imp                 Summ           38%        N/A       3%          2
 Call Canine Familiar     Summ           19%        N/A       6%          3
 Summon Guardian Golem    Hex/Summ       10%        N/A       21%         3
 Lesser Beckoning         Tloc           2%         N/A       32%         2
 Gell's Gravitas          Tloc           1%         N/A       54%         3
 Teleport Other           Tloc           1%         N/A       54%         3
 Summon Lightning Spire   Summ/Air       10%        N/A       54%         4


Dungeon Overview and Level Annotations

Branches:
Dungeon (2/15)

Altars:


Innate Abilities, Weirdness & Mutations

You have a beak for a mouth.
You have claws for feet.


Message History

A kobold is nearby!
A kobold is nearby!
You swap places.
The kobold throws a stone.
The stone barely misses you.
Your rat disappears in a puff of smoke!
The kobold misses your quokka.
Your quokka bites the kobold.
The kobold dies!
Found an escape hatch in the floor.
Things that are here:
a +0 dagger of venom; a stone An adder comes into view.
Your quokka bites the adder but does no damage.
The adder bites your quokka.
Your quokka barely misses the adder.
The adder misses your quokka.
A kobold comes into view. It is wielding a +0 dagger.
Your quokka disappears in a puff of smoke!
The adder bites you.
You are poisoned.
The adder poisons you!
Your quokka barely misses the adder.
You feel sick.
You feel sick. The adder bites you.
Your quokka misses the adder. The adder bites you.
You are lethally poisoned!
The adder poisons you!
You are too injured to fight recklessly!
You are too injured to fight recklessly!
You are too injured to fight recklessly!
Unknown command.
Unknown command.
You are too injured to fight recklessly!
You closely miss the adder. Your punch misses the adder.
* * * LOW HITPOINT WARNING * * *
You feel very sick.
Your quokka barely misses the adder.
The adder misses you.
Your quokka misses the adder.
Unknown command.
Unknown command.
You barely miss the adder. Your kick misses the adder.
You peck the adder, but do no damage. Your punch misses the adder.
You die...

##.#. .... #..######.
#####......... #
....#.).######..
#.#####............#
##K.>...###...†.#.###
..............†<#
.........rS@...†#.#
#######.#...r.......#
........#.........###
#######...).....#...
#.#.#.(#..#.###
#.#..........
#.#.##.#....##
#.#.#.....#.. .....
....#.#


You could see an adder (ally target) and 2 friendly quokkas.

Vanquished Creatures
  A dart slug (D:1)
  2 ball pythons (D:1)
  A giant cockroach (D:1)
  A hobgoblin (D:1)
  3 jackals (D:2)
  A bat (D:1)
  A goblin (D:1)
10 creatures vanquished.

Vanquished Creatures (collateral kills)
  A ball python (D:1)
  A bat (D:2)
  2 goblins (D:1)
  A hobgoblin (D:1)
  2 kobolds
7 creatures vanquished.

Grand Total: 17 creatures vanquished

Notes
Turn   | Place    | Note
-------+----------+-------------------------------------------
     0 | D:1      | gruber the Tengu Summoner began the quest for the Orb.
     0 | D:1      | Reached XP level 1. HP: 10/10 MP: 4/4
   397 | D:1      | Reached skill level 5 in Summonings
   543 | D:1      | Reached XP level 2. HP: 13/15 MP: 3/6
  1108 | D:2      | Succumbed to an adder's poison

Illustrated notes

Levels and vault maps discovered:
D:1:      nicolae_arrival_somewhat_less_tricky_arrival, layout_basic
D:2:      layout_basic, minmay_misc_feat_chi

Skill      XL: |  1 |
---------------+----+-----
Summonings     | 5 |  5.8
Dodging        | |  2.1
Stealth        | |  2.0
Spellcasting   | |  2.0

Action                     || total
---------------------------++-------
  Melee: Short sword       ||    30
         Kick              ||     8
         Peck              ||     4
         Unarmed           ||     1
         Long sword        ||     3
   Cast: Summon Small Mamm ||    24
 Armour: Robe              ||     9
  Dodge: Dodged            ||    27

Table legend: (Time is in decaauts)
 A = Elapsed time spent in this place.
 B = Non-inter-level travel time spent in this place.
 C = Inter-level travel time spent in this place.
 D = Time resting spent in this place.
 E = Time spent auto-exploring this place.
 F = Levels seen in this place.
 G = Mean time per level.
                   A        B        C        D        E       F      G
               +--------+--------+--------+--------+--------+-----+--------+
         Total |   1107 |   1064 |     43 |      0 |    910 |   2 |  553.5 |
       Dungeon |   1107 |   1064 |     43 |      0 |    910 |   2 |  553.5 |
               +--------+--------+--------+--------+--------+-----+--------+

Top non-repeatable levels by time:
     D:1: 1055 daAuts
     D:2: 52 daAuts
